 Dungeon Crawl Stone Soup version 0.17-a0-1923-gc35365e (webtiles) character file.

13225 Murumi the Mender (level 12, -11/91 HPs)
             Began as a Formicid Fighter on Sept 28, 2015.
             Was a Priest of Elyvilon.
             Mangled by Donald
             ... wielding a +6 long sword of electrocution
              (13 damage)
             ... on level 3 of the Orcish Mines.
             The game lasted 01:26:18 (11510 turns).

Murumi the Mender (Formicid Fighter)               Turns: 11510, Time: 01:26:18

Health: -11/91     AC: 18    Str: 25    XL:     12   Next: 30%
Magic:  20/20      EV:  9    Int:  9    God:    Elyvilon [***...]
Gold:   1555       SH: 13    Dex: 10    Spells: 0 memorised, 11 levels left

rFire  . . .     SeeInvis +     q - +2 great sword (holy)
rCold  . . .     Clarity  .     i - +0 plate armour
rNeg   . . .     SustAt   .     c - +1 shield
rPois  +         Gourm    .     (helmet unavailable)
rElec  .         Spirit   .     s - +0 cloak {rPois}
rCorr  .         Warding  .     x - +0 pair of gloves
rMut   .         Stasis   +     m - +0 pair of boots
MR     +....                    l - amulet of regeneration
Stlth  ..........               (no ring)
                                o - ring of wizardry

@: somewhat resistant to hostile enchantments, extremely unstealthy
A: permanent stasis, dig shafts and tunnels, four strong arms, antennae 3
a: Dig, Shaft Self, Lesser Healing, Divine Protection, Heal Other, Purification,
Renounce Religion


You were on level 3 of the Orcish Mines.
You worshipped Elyvilon.
Elyvilon was most pleased with you.
You were not hungry.

You visited 3 branches of the dungeon, and saw 16 of its levels.

You collected 1580 gold pieces.
You spent 25 gold pieces at shops.

Inventory:

Hand weapons
 q - a +2 great sword of holy wrath (weapon)
Missiles
 f - 130 bolts
Armour
 c - a +1 shield (worn)
 i - a +0 plate armour (worn)
 m - a +0 pair of boots (worn)
 s - a +0 cloak of poison resistance (worn)
 x - a +0 pair of gloves (worn)
 A - a +0 cloak of magic resistance
Jewellery
 l - an amulet of regeneration (around neck)
 o - a ring of wizardry (left hand)
Magical devices
 y - a wand of cold (8)
Scrolls
 a - 4 scrolls of recharging
 n - 3 scrolls of remove curse
 p - 8 scrolls of enchant armour
 v - a scroll of enchant weapon
Potions
 g - 6 potions of curing
 h - 4 potions of flight
 j - a potion of brilliance
 t - a potion of ambrosia
 u - a potion of mutation {unknown}
 z - 2 potions of experience {unknown}
 B - a potion of cancellation {unknown}
 C - a potion of degeneration {unknown}
Comestibles
 b - 2 meat rations
 d - 2 chunks of flesh
 e - 3 bread rations
 k - 2 slices of pizza
 r - a royal jelly
 w - 2 beef jerkies


   Skills:
 - Level 7.0 Fighting
 - Level 10.0 Long Blades
 - Level 9.0 Armour
 + Level 5.9 Dodging
 - Level 9.0 Shields
 - Level 11.1 Invocations


You had 11 spell levels left.
You didn't know any spells.

Dungeon Overview and Level Annotations

Branches:
Dungeon (11/15)            Temple (1/1) D:7            Lair (0/8) D:11
    Orc (4/4) D:9             Elf (0/3) Orc:4

Altars:
Ashenzari
Cheibriados
Dithmenos
Elyvilon
Fedhas
Gozag
Kikubaaqudgha
Makhleb
Nemelex Xobeh
Okawaru
Qazlal
Ru
Sif Muna
Trog
Vehumet
Xom
Yredelemnul
Zin
The Shining One

Shops:
Orc:1 *

Annotations:
Orc:3 Donald


Innate Abilities, Weirdness & Mutations

You are under a permanent stasis effect.
You can dig through walls and to a lower floor.
Your four strong arms can wield two-handed weapons with a shield.
You have a pair of large antennae on your head (SInv).


Message History

You hit Donald but do no damage.
Donald is lightly wounded.
Donald hits you with a long sword of electrocution!
* * * LOW HITPOINT WARNING * * *
Drink which item? (? for menu, Esc to quit)
Okay, then.
Donald blocks your attack.
Donald is lightly wounded.
You block Donald's attack. Donald blocks your attack.
Donald is lightly wounded.
You block Donald's attack. Donald blocks your attack.
Donald is lightly wounded.
You slash Donald!
Donald is lightly wounded.
Donald hits you with a long sword of electrocution!!
* * * LOW HITPOINT WARNING * * *
You are electrocuted!
You die...

... ..#....
........
........
........
####......#.
#@#.........
##@.........
####.#.......
##..##<.......
#...........##
#.....>.......
#.........#...
#.........# #.
##.....#.##


You could see Donald.

Vanquished Creatures
  Gastronok (D:8)
  Josephine (Orc:2)
  Harold (D:10)
  Nergalle (Orc:1)
  Maurice (D:11)
  Joseph (D:8)
  A troll (Orc:1)
  4 wraiths
  A wyvern (D:11)
  A hungry ghost (D:11)
  3 hippogriffs
  6 wargs
  A black bear (D:11)
  3 ice beasts
  10 orc warriors
  8 ogres
  3 phantoms
  4 centaurs
  3 crocodiles
  A big kobold (D:11)
  3 gnoll sergeants
  A wyvern zombie (D:8)
  2 giant frogs
  3 scorpions
  3 killer bees (D:10)
  10 wights
  7 crimson imps
  A quasit (D:6)
  A wasp zombie (D:8)
  Crazy Yiuf (D:4)
  A giant frog skeleton (D:11)
  16 orc priests
  Ijyb (D:3)
  5 hounds
  23 orc wizards
  3 iguanas
  A killer bee zombie (D:8)
  8 worker ants
  A hound skeleton (D:11)
  12 adders
  13 gnolls
  A worker ant zombie (D:7)
  A river rat (D:11)
  5 shadow imps
  A worm (D:2)
  An adder skeleton (D:7)
  3 giant geckos
  125 orcs
  5 giant cockroaches
  11 hobgoblins
  10 jackals
  2 quokkas
  14 bats
  A giant cockroach zombie (D:5)
  8 giant newts
  3 goblins
  14 kobolds
  2 quokka skeletons (D:4)
  9 rats
387 creatures vanquished.

Vanquished Creatures (others)
  13 fungi (D:11)
  5 plants (D:11)
18 creatures vanquished.

Grand Total: 405 creatures vanquished

Notes
Turn   | Place    | Note
--------------------------------------------------------------
     0 | D:1      | Murumi the Formicid Fighter began the quest for the Orb.
     0 | D:1      | Reached XP level 1. HP: 18/18 MP: 1/1
   107 | D:1      | Reached skill level 4 in Shields
   142 | D:1      | Reached XP level 2. HP: 17/24 MP: 2/2
   173 | D:1      | Reached skill level 1 in Dodging
   398 | D:1      | Reached XP level 3. HP: 29/29 MP: 3/3
   623 | D:2      | Found a sacrificial altar of Ru.
   692 | D:2      | Found a shimmering altar of Xom.
   692 | D:2      | Found a glowing silver altar of Zin.
   692 | D:2      | Noticed an angel
  1073 | D:3      | Reached XP level 4. HP: 37/37 MP: 4/4
  1118 | D:3      | Noticed Ijyb
  1143 | D:3      | Killed Ijyb
  1720 | D:3      | Reached XP level 5. HP: 39/42 MP: 5/5
  2244 | D:4      | Noticed an ogre
  2250 | D:4      | Killed an ogre
  2250 | D:4      | Reached XP level 6. HP: 35/48 MP: 6/6
  2320 | D:4      | Reached skill level 5 in Long Blades
  2326 | D:4      | Reached XP level 7. HP: 39/54 MP: 7/7
  2341 | D:4      | Reached skill level 5 in Shields
  2519 | D:4      | Found a glowing golden altar of the Shining One.
  2640 | D:4      | Noticed Crazy Yiuf
  2649 | D:4      | Killed Crazy Yiuf
  2803 | D:5      | Entered Level 5 of the Dungeon
  2874 | D:5      | Reached skill level 5 in Fighting
  2911 | D:5      | Reached XP level 8. HP: 38/62 MP: 8/8
  2917 | D:5      | Reached skill level 5 in Armour
  3153 | D:5      | Found a sparkling altar of Nemelex Xobeh.
  3209 | D:5      | Reached skill level 6 in Shields
  3686 | D:6      | Reached skill level 7 in Shields
  3862 | D:6      | Found an iron altar of Okawaru.
  3934 | D:6      | HP: 3/62 [orc warrior/flail (17)]
  3949 | D:6      | Reached XP level 9. HP: 20/68 MP: 9/9
  4560 | D:7      | Found a staircase to the Ecumenical Temple.
  4626 | Temple   | Entered the Ecumenical Temple
  4636 | Temple   | Became a worshipper of Elyvilon the Healer
  4961 | D:7      | Found a radiant altar of Vehumet.
  5103 | D:7      | Found a deep blue altar of Sif Muna.
  5284 | D:8      | Noticed Gastronok
  5436 | D:8      | Reached skill level 8 in Shields
  5673 | D:8      | Reached XP level 10. HP: 63/79 MP: 10/10
  5892 | D:8      | Noticed Joseph
  5925 | D:8      | Killed Joseph
  6158 | D:8      | Reached skill level 9 in Armour
  6260 | D:8      | Killed Gastronok
  6482 | D:9      | Reached skill level 10 in Long Blades
  6510 | D:9      | Reached skill level 1 in Invocations
  6510 | D:9      | Reached XP level 11. HP: 74/84 MP: 10/12
  6538 | D:9      | Found a staircase to the Orcish Mines.
  6594 | D:9      | Acquired Elyvilon's first power
  7290 | D:10     | Entered Level 10 of the Dungeon
  7658 | D:10     | Acquired Elyvilon's second power
  7784 | D:10     | Noticed Harold
  7795 | D:10     | Killed Harold
  8397 | D:11     | Noticed Snorg
  8410 | D:11     | Noticed Maurice
  8410 | D:11     | Noticed a five-headed hydra
  8416 | D:10     | Pacified a five-headed hydra
  8425 | D:11     | Killed Maurice
  8474 | D:11     | Found a staircase to the Lair.
  9326 | D:11     | Reached skill level 5 in Dodging
  9441 | Orc:1    | Entered Level 1 of the Orcish Mines
  9752 | Orc:1    | Noticed Nergalle
  9775 | Orc:1    | Killed Nergalle
  9886 | Orc:2    | Noticed Josephine
  9975 | Orc:2    | Reached XP level 12. HP: 91/91 MP: 19/19
 10159 | Orc:2    | Acquired Elyvilon's third power
 10186 | Orc:2    | Killed Josephine
 10186 | Orc:2    | Reached skill level 10 in Invocations
 10601 | Orc:1    | Reached skill level 11 in Invocations
 10612 | Orc:1    | Found Addora's Assorted Antiques.
 10664 | Orc:1    | Bought a puce potion for 25 gold pieces
 11266 | Orc:4    | Entered Level 4 of the Orcish Mines
 11291 | Orc:4    | Found a staircase to the Elven Halls.
 11488 | Orc:3    | Noticed Donald
 11510 | Orc:3    | HP: 2/91 [Donald/long sword of electrocution (26)]
 11510 | Orc:3    | Mangled by Donald

Vault maps used:
D:1:      minmay_arrival_shattered_statue
D:2:      grunt_temple_overflow_order_and_chaos_1, first_bread,
          minmay_hedge_maze, nicolae_ru_awakened_eye
D:3:      uniq_iyjb
D:4:      kennysheep_mini, kennysheep_nondescript, minmay_distorted,
          uniq_crazy_yiuf_cottage
D:5:      lemuel_doored_altar
D:6:      okawaru_altar_gauntlet_db
D:7:      led_sif_pool, lemuel_crystal_altar, minmay_temple_entry_nine_rooms
D:8:      uniq_gastronok, uniq_joseph
D:9:      minmay_orc_entry_guard_dogs
D:10:     uniq_harold
D:11:     due_lair_maze_entry_diamond, uniq_snorg, uniq_maurice
Temple:   triangle_lava_temple_12
Orc:1:    serial_shops, nicolae_shop_overgrown_old_shop, uniq_nergalle
Orc:2:    uniq_josephine
Orc:3:    special_room, nicolae_orc_pool_cavern, uniq_donald
Orc:4:    grunt_orc_cross

Action                   |  1- 3 |  4- 6 |  7- 9 | 10-12 || total
-------------------------+-------+-------+-------+-------++-------
Melee: Long sword        |   137 |   148 |   552 |   222 ||  1059
       Great sword       |       |       |       |   684 ||   684
Invok: Heal Other        |       |       |       |     4 ||     4
       Lesser Healing    |       |       |       |     1 ||     1
 Abil: Dig               |     1 |       |     7 |    15 ||    23
  Use: Scroll            |     5 |     4 |     9 |     4 ||    22
       Potion            |       |     1 |     4 |     1 ||     6
  Eat: Chunk             |     1 |     5 |    15 |    27 ||    48
       Fruit             |       |       |       |     2 ||     2
       Pizza             |       |       |       |     1 ||     1
